AoeStats
← Aron

Arena

505803291Analyzed
3v3 RM · 22d ago on Sep 11, 2026· 45m 45s· 6 players
Game mode
Random Map
Map size
Normal (6 player)
Population
200
Speed
Normal
Resources
Standard
Victory
Conquest
Starting age
Dark Age
Ending age
Imperial Age
RankedLock teamsTeams togetherTeam positionsShared explorationLock speedFull tech treeHidden civsTurbo modeCheats
Victory
Defeat
🇺🇸 Slavs · United States
1465
+14
🇺🇸 Teutons · United States
1434
+15
🇧🇷 Italians · Brazil
1428
+15
🇦🇷 Teutons · Argentina
1427
-15
🇦🇷 Wei · Argentina
1416
-14
🇦🇷 Italians · Argentina
1410
-15
Simon
9:50 Feudal Age
10:50 Loom
13:18 Double-Bit Axe
13:28 Fletching
16:32 Horse Collar
23:08 Castle Age
25:08 Wheelbarrow
25:03 Bow Saw
28:35 Hand Cart
28:53 Heavy Plow
34:26 Imperial Age
33:02 Gold Mining
33:02 Stone Mining
35:31 Conscription
35:13 Padded Archer Armor
36:53 Chemistry
36:13 Bodkin Arrow
36:33 Leather Archer Armor
37:32 Crop Rotation
37:29 Pikeman
38:09 Squires
37:55 Gambesons
38:11 Scale Mail Armor
38:42 Ring Archer Armor
38:22 Forging
39:54 Chain Mail Armor
39:24 Elite Skirmisher
41:07 Arson
40:43 Halberdier
42:02 Iron Casting
41:28 Capped Ram
44:36 Plate Mail Armor
45:07 Blast Furnace
46:02 Scale Barding Armor
Aron
11:15 Feudal Age
15:35 Castle Age
13:50 Double-Bit Axe
14:17 Loom
14:47 Gold Mining
15:53 Fletching
17:10 Bow Saw
16:54 Loom
23:41 Imperial Age
23:02 Bodkin Arrow
29:56 Padded Archer Armor
31:12 Ballistics
32:03 Wheelbarrow
33:55 Leather Archer Armor
34:45 Conscription
36:27 Chemistry
38:47 Bracer
40:15 Silk Road
42:16 Ring Archer Armor
41:53 Thumb Ring
42:41 Masonry
43:11 Elite Genoese Crossbowman
46:08 Hand Cart
46:09 Caravan
Gush
10:53 Feudal Age
14:33 Castle Age
12:59 Double-Bit Axe
13:21 Horse Collar
15:34 Bow Saw
17:47 Heavy Plow
22:32 Wheelbarrow
22:33 Husbandry
27:58 Imperial Age
25:14 Loom
25:39 Scale Barding Armor
25:36 Gold Mining
25:36 Stone Mining
26:35 Hand Cart
26:45 Town Watch
27:11 Bloodlines
28:00 Chain Barding Armor
28:15 Cavalier
29:35 Plate Barding Armor
29:52 Forging
30:10 Conscription
30:07 Siege Engineers
30:05 Light Cavalry
31:56 Iron Casting
32:06 Crop Rotation
32:36 Two-Man Saw
33:50 Coinage
33:12 Fletching
34:23 Blast Furnace
34:00 Detinets
33:54 Fletching
33:46 Hussar
35:47 Banking
35:17 Elite Boyar
38:47 Gold Shaft Mining
38:28 Town Patrol
38:43 Masonry
38:41 Bodkin Arrow
39:49 Chemistry
42:14 Hoardings
42:56 Ballistics
42:27 Guard Tower
43:15 Scale Mail Armor
46:09 Chain Mail Armor
Sir Rancelot
9:40 Feudal Age
13:57 Castle Age
12:12 Loom
14:16 Double-Bit Axe
14:53 Horse Collar
27:05 Imperial Age
25:55 Fletching
26:05 Padded Archer Armor
26:42 Bodkin Arrow
27:19 Ballistics
27:59 Bracer
28:31 Gold Mining
28:52 Elite Skirmisher
31:21 Leather Archer Armor
35:51 Conscription
36:07 Stone Mining
37:51 Chemistry
39:11 Ring Archer Armor
43:38 Wheelbarrow
Girsados
10:29 Feudal Age
14:38 Castle Age
13:04 Double-Bit Axe
15:57 Bow Saw
15:32 Horse Collar
18:45 Bloodlines
21:11 Husbandry
21:28 Scale Barding Armor
23:01 Heavy Plow
22:54 Gold Mining
26:05 Wheelbarrow
26:44 Gold Shaft Mining
31:01 Imperial Age
28:53 Chain Barding Armor
29:14 Forging
31:46 Iron Casting
31:04 Heavy Hei Guang Cavalry
33:27 Hand Cart
32:58 Town Watch
34:37 Town Patrol
36:09 Loom
37:46 Blast Furnace
44:35 Ming Guang Armor
46:11 Conscription
Saito
6:33 Loom
8:56 Feudal Age
13:19 Fletching
24:14 Castle Age
22:51 Double-Bit Axe
22:50 Horse Collar
25:17 Arson
26:06 Bodkin Arrow
26:33 Town Watch
33:10 Ironclad
32:19 Pikeman
33:14 Scale Mail Armor
33:26 Forging
37:22 Imperial Age
35:11 Squires
35:36 Chain Mail Armor
35:32 Gambesons
36:31 Bow Saw
37:42 Iron Casting
38:28 Wheelbarrow
40:49 Blast Furnace
39:56 Heavy Plow
Connection lost

Rejoining the realm…

Still unreachable

The connection could not be restored.

Session expired

The server has moved on; the page needs a fresh start.